 Dungeon Crawl Stone Soup version 0.29-a0-297-g7659ce593d (webtiles) character file.

Game seed: 3852062484504249129

401236 wakim the Phalangite (level 23, -7/182 HPs)
             Began as a Gnoll Ice Elementalist on Mar 20, 2022.
             Was a High Priest of Cheibriados.
             Mangled by a fire giant
             ... wielding a +1 great sword of flaming
              (11 damage)
             ... on level 5 of the Vaults.
             The game lasted 03:30:44 (54577 turns).

wakim the Phalangite (Gnoll Ice Elementalist)      Turns: 54577, Time: 03:30:45

Health: -7/182     AC: 12    Str: 24    XL:     23   Next: 30%
Magic:  40/62      EV: 25    Int: 42    God:    Cheibriados [*****.]
Gold:   2165       SH: 12    Dex: 26    Spells: 4/54 levels left

rFire   + . .      SeeInvis .   a - +8 arc blade {discharge, rElec}
rCold   + . .      Faith    .   g - +2 buckler "Qecag" {+Blink rN+}
rNeg    + . .      Spirit   .   C - +0 steam dragon scales
rPois   +          Reflect  .   q - +3 hat of Pondering {ponderous, Will+ MP+10 Int+5}
rElec   +          Harm     .   s - scarf {rC+ rF+}
rCorr   .          Rampage  .   t - +2 pair of gloves {hurl}
Will    ++++.      Archmagi +   P - +2 pair of boots {Fly}
Stlth   +++++++...              V - amulet of Igurghio {*Slow rElec Will+ Regen+ Int+2}
HPRegen 1.20/turn               d - ring "Xeschieze" {+Blink rPois Will+ MP+9}
MPRegen 0.38/turn               H - ring of the Mage {Wiz Archmagi}

@: corroded, flying, constricted, studying Polearms, very slow
A: fangs 1, strong nose, distributed training, deformed body
}: 2/15 runes: barnacled, gossamer
a: Renounce Religion, Evoke Blink, Bend Time, Temporal Distortion, Slouch, Step
From Time


You were on level 5 of the Vaults.
You worshipped Cheibriados.
Cheibriados was extremely pleased with you.
You visited 8 branches of the dungeon, and saw 40 of its levels.
You visited 2 bazaars.
You also visited: Bailey, Ice Cave and Wizlab.

You collected 5068 gold pieces.
You spent 2903 gold pieces at shops.

Inventory:

Hand Weapons
 a - the +8 arc blade (weapon) {discharge, rElec}
   (You took it off Nikola on level 1 of the Spider Nest)

   It occasionally unleashes powerful arcs of lightning upon striking a foe.
   These may arc to other adjacent creatures (including the wielder, but dealing
   reduced damage to them) before grounding out.
   rElec:     It insulates you from electricity.
Missiles
 j - 11 throwing nets {=f!f}
Armour
 g - the +2 buckler "Qecag" (worn) {+Blink rN+}
   (You took it off a gnoll sergeant on level 6 of the Dungeon)

   rN:        It protects you from negative energy.
   +Blink:    It lets you blink.
 n - +3 storm dragon scales {Bai Suzhen}
 q - the +3 hat of Pondering (worn) {ponderous, Will+ MP+10 Int+5}
   (You found it on level 3 of the Elven Halls)

   Int:       It affects your intelligence (+5).
   MP:        It affects your magic capacity (+10).
   Will:      It increases your willpower.
 s - a scarf of resistance (worn)
 t - a +2 pair of gloves of hurling (worn)
 C - +0 steam dragon scales (worn)
 P - a +2 pair of boots of flying (worn)
Jewellery
 c - the ring of Oveeqir {*Slow rF+ rN++ Int+6}
   (You took it off a deep elf zephyrmancer on level 3 of the Elven Halls)

   [ring of intelligence]

   Int:       It affects your intelligence (+6).
   rF:        It protects you from fire.
   rN:        It greatly protects you from negative energy.
   *Slow:     It may slow you when you take damage.
 d - the ring "Xeschieze" (left hand) {+Blink rPois Will+ MP+9}
   (You took it off a merfolk on level 4 of the Shoals)

   [ring of poison resistance]

   rPois:     It protects you from poison.
   MP:        It affects your magic capacity (+9).
   +Blink:    It lets you blink.
   Will:      It increases your willpower.
 e - the ring "Irghopp" {*Corrode rF+++ Int+6}
   (You found it in an ice cave)

   [ring of intelligence]

   Int:       It affects your intelligence (+6).
   rF:        It renders you almost immune to fire.
   *Corrode:  It may corrode you when you take damage.
 i - a ring of see invisible
 m - the ring "Ulyo" {Fire SInv Stlth+}
   (You found it in a wizard's laboratory)

   [ring of fire]

   It enhances your fire magic.
   rF:        It protects you from fire.
   rC:        It makes you vulnerable to cold.
   SInv:      It lets you see invisible.
   Stlth:     It makes you more stealthy.
 o - the ring "Fuul" {Fly rPois rN+ rCorr Stlth+}
   (You found it on level 2 of the Vaults)

   [ring of positive energy]

   rPois:     It protects you from poison.
   rN:        It protects you from negative energy.
   Fly:       It grants you flight.
   rCorr:     It protects you from acid and corrosion.
   Stlth:     It makes you more stealthy.
 r - the ring "Kiguy" {Wiz rF+ rN+ Str-3 Dex+2}
   (You took it off a deep elf demonologist on level 3 of the Elven Halls)

   [ring of wizardry]

   It improves your spell success rate.
   Str:       It affects your strength (-3).
   Dex:       It affects your dexterity (+2).
   rF:        It protects you from fire.
   rN:        It protects you from negative energy.
 H - the ring of the Mage (right hand) {Wiz Archmagi}
   (You bought it in a shop on level 2 of the Orcish Mines)

   [ring of wizardry]

   It improves your spell success rate.
   Archmagi:  It increases the power of your magical spells.
 V - the amulet of Igurghio (around neck) {*Slow rElec Will+ Regen+ Int+2}
   (You found it on level 4 of the Dungeon)

   [amulet of regeneration]

   Int:       It affects your intelligence (+2).
   rElec:     It insulates you from electricity.
   Regen:     It increases your rate of health regeneration.
   *Slow:     It may slow you when you take damage.
   Will:      It increases your willpower.
Wands
 h - a wand of iceblast (31)
 x - a wand of charming (10)
 y - a wand of paralysis (18)
 z - a wand of polymorph (5)
 E - a wand of acid (22)
Scrolls
 u - a scroll of torment {!r}
 G - a scroll of enchant armour
 Q - 4 scrolls of immolation {!r!r}
 R - 4 scrolls of magic mapping {!r}
 S - 3 scrolls of summoning
 T - 18 scrolls of teleportation
 U - 6 scrolls of fear
 W - 2 scrolls of holy word
 X - 7 scrolls of fog
 Y - 13 scrolls of blinking {!r}
 Z - a scroll of amnesia
Potions
 p - a potion of berserk rage {unknown}
 A - 13 potions of ambrosia
 B - 9 potions of attraction {!q}
 D - 4 potions of brilliance
 F - 15 potions of curing
 I - 3 potions of invisibility
 J - 7 potions of heal wounds
 K - 4 potions of magic
 L - 2 potions of lignification {!q}
 M - 2 potions of mutation {!q}
 N - 9 potions of might
 O - 5 potions of resistance
Miscellaneous
 v - a lightning rod (4/4)
 w - a phial of floods


   Skills:
 + Level 15.6 Fighting
 + Level 15.6 Short Blades
 + Level 15.6 Long Blades
 + Level 15.6 Axes
 + Level 15.6 Maces & Flails
 + Level 21.0 Polearms
 + Level 15.6 Staves
 + Level 15.6 Slings
 + Level 15.6 Bows
 + Level 15.6 Crossbows
 + Level 15.6 Throwing
 + Level 15.6 Armour
 + Level 16.2 Dodging
 + Level 16.1 Stealth
 + Level 15.6 Shields
 + Level 15.6 Unarmed Combat
 + Level 16.3 Spellcasting
 + Level 13.3 Conjurations
 + Level 13.3 Hexes
 + Level 13.3 Summonings
 + Level 13.3 Necromancy
 + Level 13.3 Translocations
 + Level 13.3 Transmutations
 + Level 13.3 Fire Magic
 + Level 14.9 Ice Magic
 + Level 13.3 Air Magic
 + Level 13.3 Earth Magic
 + Level 13.3 Poison Magic
 + Level 16.9 Invocations
 + Level 15.6 Evocations


You had 4 spell levels left.
You knew the following spells:

 Your Spells              Type           Power      Damage    Failure   Level
a - Borgnjor's Vile Clut  Necr/Erth      60%        N/A       1%          5
b - Ignition              Fire           60%        3d16      11%         8
c - Ozocubu's Armour      Ice            100%       N/A       0%          3
d - Metabolic Englaciati  Hex/Ice        62%        N/A       1%          5
e - Ozocubu's Refrigerat  Ice            63%        4d17      1%          7
f - Petrify               Tmut/Erth      100%       N/A       1%          4
g - Yara's Violent Unrav  Hex/Tmut       60%        3d23      1%          5
h - Ignite Poison         Fire/Tmut/Pois 100%       N/A       0%          3
i - Eringya's Noxious Bo  Tmut/Pois      60%        N/A       1%          6
y - Olgreb's Toxic Radia  Pois           100%       N/A       1%          4

Your spell library contained the following spells:

 Spells                   Type           Power      Damage    Failure   Level
 Animate Skeleton         Necr           100%       N/A       0%          1
 Apportation              Tloc           100%       N/A       0%          1
 Freeze                   Ice            100%       1d11      0%          1
 Magic Dart               Conj           100%       1d8       0%          1
 Pain                     Necr           100%       1d9       0%          1
 Sandblast                Erth           100%       2d20      0%          1
 Slow                     Hex            100%       N/A       0%          1
 Sting                    Tmut/Pois      100%       1d8       0%          1
 Summon Small Mammal      Summ           100%       N/A       0%          1
 Call Imp                 Summ           100%       N/A       0%          2
 Passwall                 Tmut/Erth      100%       N/A       0%          2
 Poisonous Vapours        Pois/Air       100%       N/A       0%          2
 Static Discharge         Conj/Air       100%       N/A       0%          2
 Sublimation of Blood     Necr           100%       N/A       0%          2
 Wereblood                Tmut           100%       N/A       0%          2
 Conjure Flame            Conj/Fire      100%       6-21      0%          3
 Frozen Ramparts          Ice            100%       1d12      0%          3
 Gell's Gravitas          Tloc           100%       N/A       0%          3
 Lesser Beckoning         Tloc           100%       N/A       0%          3
 Mephitic Cloud           Conj/Pois/Air  100%       N/A       0%          3
 Portal Projectile        Hex/Tloc       100%       N/A       0%          3
 Spider Form              Tmut/Pois      100%       N/A       0%          3
 Stone Arrow              Conj/Erth      100%       3d13      0%          3
 Summon Guardian Golem    Hex/Summ       100%       N/A       0%          3
 Swiftness                Air            100%       N/A       0%          3
 Teleport Other           Tloc           100%       N/A       0%          3
 Tukima's Dance           Hex            100%       N/A       0%          3
 Animate Armour           Summ/Erth      100%       N/A       1%          4
 Hailstorm                Conj/Ice       100%       3d20      1%          4
 Passage of Golubria      Tloc           100%       N/A       1%          4
 Sticky Flame             Conj/Fire      100%       2d11      1%          4
 Summon Lightning Spire   Summ/Air       100%       N/A       1%          4
 Agony                    Necr           100%       N/A       1%          5
 Alistair's Intoxication  Tmut/Pois      80%        N/A       1%          5
 Blade Hands              Tmut           60%        N/A       1%          5
 Excruciating Wounds      Necr           60%        N/A       1%          5
 Freezing Cloud           Conj/Ice/Air   61%        6-21      1%          5
 Lightning Bolt           Conj/Air       60%        1d83      1%          5
 Silence                  Hex/Air        60%        N/A       1%          5
 Summon Forest            Summ/Tloc      60%        N/A       1%          5
 Summon Mana Viper        Hex/Summ       100%       N/A       1%          5
 Iron Shot                Conj/Erth      60%        9d11      1%          6
 Simulacrum               Ice/Necr       62%        N/A       1%          6
 Statue Form              Tmut/Erth      80%        N/A       1%          6
 Summon Cactus Giant      Summ           60%        N/A       1%          6
 Storm Form               Tmut/Air       60%        N/A       1%          7
 Summon Hydra             Summ           60%        N/A       1%          7
 Borgnjor's Revivificati  Necr           60%        N/A       11%         8
 Maxwell's Capacitive Co  Air            60%        ∞         11%         8
 Necromutation            Tmut/Necr      60%        N/A       11%         8
 Polar Vortex             Ice            63%        N/A       58%         9
 Death's Door             Necr           60%        N/A       80%         9


Dungeon Overview and Level Annotations

Branches:
Dungeon (15/15)            Temple (1/1) D:7            Lair (6/6) D:11
 Shoals (4/4) Lair:3       Spider (4/4) Lair:4        Slime (0/5) Lair:5
    Orc (2/2) D:11            Elf (3/3) Orc:2        Vaults (5/5) D:14
  Crypt (0/3) Vaults:3     Depths (0/4) D:15         Bailey (visited)
  IceCv (visited)          WizLab (visited)

Altars:
Ashenzari
Cheibriados
Dithmenos
Elyvilon
Fedhas
Gozag
Hepliaklqana
Kikubaaqudgha
Makhleb
Nemelex Xobeh
Okawaru
Qazlal
Ru
Sif Muna
Trog
Uskayaw
Vehumet
Wu Jian
Xom
Yredelemnul
Zin
The Shining One
Beogh
Jiyva

Shops:
Orc:2 ==[[*   Elf:1 :=   Elf:2 !   Elf:3 =   Shoals:1 :   Shoals:2 ?
Shoals:4 ([**   Vaults:2 [

Portals:
Trove: Elf:2 (give +8 demon blade)

Annotations:
D:1 dig


Innate Abilities, Weirdness & Mutations

You have very sharp teeth.
Your uncanny sense of smell can sniff out nearby items.
Your experience applies equally to all skills.
Armour fits poorly on your strangely shaped body.


Message History

The ironbound preserver begins to accept its allies' injuries.
The hell knight casts a spell.
The hell knight seems to speed up.
The vault warden shouts! 22/182 (-36) Activating: Slouch (0% risk of failure)
Press: ? - help, Dir - look around, f - activate You can feel time thicken for a moment.
You kill the ironbound preserver!
Cheibriados thoroughly appreciates the change of pace.
You kill the ironbound preserver!
Cheibriados thoroughly appreciates the change of pace.
You kill the hell knight!
Cheibriados thoroughly appreciates the change of pace.
You kill the vault sentinel!
Cheibriados thoroughly appreciates the change of pace.
The tengu reaver gestures at you while chanting.
The bolt of acid misses you.
A deep elf annihilator comes into view. It is wielding a +0 long sword.
You block the fire giant's attack.
A stone giant comes into view.
A dread lich comes into view.
The tentacled monstrosity tentacle-slaps you!
* * * LOW HITPOINT WARNING * * *
The tentacled monstrosity tentacle-slaps you!
* * * LOW HITPOINT WARNING * * *
You block the tentacled monstrosity's attack.
The tentacled monstrosity constricts you.
* * * LOW HITPOINT WARNING * * *
2/182 (-20) Activating: Slouch (0% risk of failure)
Press: ? - help, Dir - look around, f - activate You can feel time thicken for a moment.
You kill the tengu reaver!
Cheibriados appreciates the change of pace.
Cheibriados lowers the support of your attributes as your movement quickens.
An orc wizard comes into view. It is wielding a +0 dagger.
The dread lich gestures wildly while chanting.
The fire giant hits you with a +1 great sword of flaming!
You die...

##..(##....#∆
#.Cp[.#....# #
.[c[..#....# .#
.).D#.[..#$.L
.....[.....#
#####[.[[)[..##
.....[)XC<).[..
....[[)@).<.[[)
.....[))<<[.[..
.............))
#####..[[[[C†##
....[[)D.$e
##.#....#).o
∆#.#....#.)# ∆∆
#.#....# ).


You could see a shadow dragon, a tentacled monstrosity, a golden dragon, a dread
lich, a fire giant, 2 stone giants, a vault warden, a yaktaur captain, a deep
elf annihilator and an orc wizard.

Vanquished Creatures
  A dread lich (Vaults:5)
  Mara (Vaults:4)
  Boris (Vaults:2)
  Margery (Vaults:4)
  Bai Suzhen (Vaults:3)
  Nikola (Spider:1)
  Saint Roka (Orc:2)
  Arachne (Spider:4)
  An electric golem (WizLab)
  Jorgrun (D:12)
  Rupert (Lair:5)
  Asterion (Vaults:2)
  2 deep elf master archers (Elf:3)
  2 deep elf blademasters (Elf:3)
  4 sphinxes
  2 shadow dragons (Vaults:5)
  Roxanne (Spider:1)
  2 storm dragons (Vaults:5)
  2 tengu reavers (Vaults:5)
  2 fire giants (WizLab)
  3 azure jellies (IceCv)
  A rockslime (IceCv)
  5 emperor scorpions
  3 frost giants
  5 deep elf sorcerers (Elf:3)
  Aizul (Spider:4)
  Louise (D:15)
  3 ghost moths (Spider:2)
  13 vault wardens
  A curse skull (Vaults:3)
  3 orc warlords
  2 angels (WizLab)
  9 broodmothers
  4 quicksilver oozes (IceCv)
  5 war gargoyles
  A very ugly thing (Vaults:5)
  15 ironbound preservers
  2 stone giants
  12 ironbound thunderhulks
  7 deep elf demonologists (Elf:3)
  7 deep elf annihilators (Elf:3)
  18 dire elephants
  Azrael (D:13)
  9 entropy weavers
  A vampire knight (Vaults:3)
  3 spark wasps
  The ghost of sanka the Martial Artist, a journeyman GnMo of Cheibriados (D:11)
  8 merfolk impalers
  9 yaktaur captains
  5 ettins
  4 merfolk javelineers
  5 crystal guardians
  6 deep elf death magi
  8 deep elf high priests
  A jiangshi (Vaults:3)
  Josephine (Orc:1)
  Harold (Lair:1)
  2 fire dragons
  4 great orbs of eyes
  Erolcha (D:9)
  9 peacekeepers
  30 vault guards
  2 jorogumos (Spider:2)
  4 boulder beetles
  4 ironbound frosthearts
  2 merfolk avatars (Shoals:4)
  A death knight (D:13)
  10 centaur warriors
  2 ogre magi (Orc:2)
  2 merfolk aquamancers (Shoals:4)
  2 alligator snapping turtles (Shoals:4)
  8 radroaches
  13 two-headed ogres
  8 hydras
  2 tengu warriors
  6 satyrs
  27 dancing weapons
  A deep troll earth mage (Vaults:4)
  6 hell knights
  An orc high priest (Vaults:4)
  Sonja (Lair:1)
  9 deep elf knights
  A skeletal warrior (D:13)
  A shadow wraith (Vaults:5)
  4 pharaoh ants
  34 deep trolls
  13 sea snakes
  12 steelbarb worms
  8 orb spiders
  2 phantasmal warriors (Vaults:5)
  8 deep elf archers
  12 wizards
  10 lindwurms
  11 orc knights
  15 deep elf pyromancers
  2 orange crystal statues (IceCv)
  15 harpies
  2 necromancers
  33 deep elf zephyrmancers
  17 ironbound convokers
  3 orc sorcerers
  16 wolf spiders
  2 salamanders (WizLab)
  10 cyclopes
  28 ugly things
  13 fauns
  2 moths of wrath
  12 manticores
  12 elephants
  10 merfolk sirens
  6 water nymphs
  15 vault sentinels
  2 ice statues (Shoals:1)
  Maurice (D:8)
  5 torpor snails (Spider:2)
  7 molten gargoyles
  11 black mambas
  11 cane toads
  12 gargoyles
  12 komodo dragons
  8 demonic crawlers
  A kobold demonologist (D:11)
  25 yaktaurs
  A freezing wraith (Vaults:5)
  A rime drake (shapeshifter) (D:14)
  4 very ugly thing simulacra (IceCv)
  A tengu conjurer (D:9)
  2 entropy weaver simulacra (IceCv)
  14 trolls
  2 polar bears (shapeshifter)
  A queen bee (D:11)
  A queen bee (shapeshifter) (D:14)
  29 merfolk
  A wind drake (shapeshifter) (D:14)
  6 meliai
  5 polar bears
  A troll (shapeshifter) (D:14)
  7 blink frogs
  A tarantella (shapeshifter) (Vaults:5)
  29 tarantellas
  7 wind drakes
  6 dream sheep
  A raiju (shapeshifter) (Vaults:5)
  33 slime creatures
  11 snapping turtles
  3 air elementals
  25 jumping spiders
  6 spriggans (Bailey)
  33 culicivoras
  A culicivora (shapeshifter) (D:13)
  3 wyverns
  74 yaks
  16 water elementals
  4 wraiths
  7 fire elementals
  46 redbacks
  The ghost of esteth the Caller, an amateur FeSu of Kikubaaqudgha (D:6)
  4 steam dragons
  11 basilisks
  3 demonic crawler simulacra (IceCv)
  An acid dragon (Bailey)
  4 hell hounds
  23 water moccasins
  An ice beast (D:7)
  28 orc warriors
  6 sky beasts
  2 black bears
  6 ugly thing simulacra (IceCv)
  2 wolves (D:11)
  19 ogres
  12 centaurs
  9 bullfrogs
  3 gnoll sergeants (D:6)
  3 necrophages
  A scorpion (D:6)
  5 earth elementals
  8 wights
  22 killer bees
  A howler monkey (D:11)
  9 electric eels
  5 lava snakes (Lair:6)
  7 hounds
  Crazy Yiuf (D:7)
  19 orc priests
  A gnoll shaman (D:6)
  A jelly (D:6)
  4 iguanas
  Terence (D:2)
  25 orc wizards
  2 lightning spires (WizLab)
  Natasha (D:2)
  12 adders
  12 gnolls
  4 white imps
  An ufetubus (D:4)
  2 dart slugs
  64 orcs
  4 ball pythons
  10 endoplasms
  4 giant cockroaches
  11 goblins
  4 hobgoblins
  4 jackals (D:1)
  3 quokkas (D:2)
  3 bats
  3 frilled lizards
  9 kobolds
  7 rats
1584 creatures vanquished.

Vanquished Creatures (collateral kills)
  Kirke (Lair:5)
  A dancing weapon (Elf:2)
  A necromancer (D:15)
  A cyclops (D:15)
  Joseph (Lair:1)
  3 elephants
  A black mamba (Lair:6)
  A freezing wraith (D:13)
  A basilisk (Lair:6)
  2 wraiths
  3 yaks
  2 hogs (Lair:5)
  A water moccasin (Lair:1)
  An orc warrior (Orc:2)
  An ugly thing simulacrum (IceCv)
  3 centaurs (Lair:3)
  A bullfrog (Lair:2)
  A killer bee (Lair:4)
  A nameless horror (Lair:3)
27 creatures vanquished.

Vanquished Creatures (others)
  A merfolk aquamancer (Shoals:4)
  A sea snake (Shoals:4)
  An orb spider (Spider:1)
  A deep elf zephyrmancer (Elf:1)
  2 wolf spiders (Spider:1)
  2 fauns (Shoals:4)
  A water nymph (Shoals:4)
  A wraith (D:12)
  A human (Lair:5)
  A redback (Spider:1)
  A kobold brigand (D:7)
  3 kobolds (D:7)
  40 fungi
  231 plants
287 creatures vanquished.

Grand Total: 1898 creatures vanquished

Notes
Turn   | Place    | Note
-------+----------+-------------------------------------------
     0 | D:1      | wakim the Gnoll Ice Elementalist began the quest for the
                  | Orb.
     0 | D:1      | Reached XP level 1. HP: 13/13 MP: 6/6
    10 | D:1      | Noticed an ogre
   208 | D:1      | Reached XP level 2. HP: 19/19 MP: 3/7
   331 | D:1      | !bestwep
   482 | D:1      | !bestwep
  1167 | D:2      | Reached skill level 5 in Spellcasting
  1167 | D:2      | Reached XP level 3. HP: 25/25 MP: 5/9
  1171 | D:2      | Learned a level 3 spell: Frozen Ramparts
  1175 | D:2      | Learned a level 3 spell: Ozocubu's Armour
  1275 | D:2      | Reached skill level 1 in Invocations
  1393 | D:2      | Reached skill level 1 in Fighting
  1393 | D:2      | Reached skill level 1 in Short Blades
  1393 | D:2      | Reached skill level 1 in Long Blades
  1393 | D:2      | Reached skill level 1 in Axes
  1393 | D:2      | Reached skill level 1 in Maces & Flails
  1393 | D:2      | Reached skill level 1 in Polearms
  1393 | D:2      | Reached skill level 1 in Staves
  1393 | D:2      | Reached skill level 1 in Slings
  1393 | D:2      | Reached skill level 1 in Bows
  1393 | D:2      | Reached skill level 1 in Crossbows
  1393 | D:2      | Reached skill level 1 in Throwing
  1393 | D:2      | Reached skill level 1 in Armour
  1393 | D:2      | Reached skill level 1 in Shields
  1393 | D:2      | Reached skill level 1 in Unarmed Combat
  1393 | D:2      | Reached skill level 1 in Evocations
  1482 | D:2      | Found a faded altar of an unknown god.
  1537 | D:2      | Reached XP level 4. HP: 32/32 MP: 3/11
  1619 | D:2      | Noticed Terence
  1625 | D:2      | Killed Terence
  1761 | D:2      | Noticed Natasha
  1765 | D:2      | Killed Natasha
  1766 | D:2      | Reached skill level 1 in Conjurations
  1766 | D:2      | Reached skill level 1 in Hexes
  1766 | D:2      | Reached skill level 1 in Summonings
  1766 | D:2      | Reached skill level 1 in Necromancy
  1766 | D:2      | Reached skill level 1 in Translocations
  1766 | D:2      | Reached skill level 1 in Transmutations
  1766 | D:2      | Reached skill level 1 in Fire Magic
  1766 | D:2      | Reached skill level 1 in Air Magic
  1766 | D:2      | Reached skill level 1 in Earth Magic
  1766 | D:2      | Reached skill level 1 in Poison Magic
  2176 | D:3      | Reached XP level 5. HP: 37/37 MP: 8/12
  2422 | D:3      | Found a faded altar of an unknown god.
  2501 | D:3      | !bestwep
  3198 | D:4      | Noticed a centaur
  3216 | D:4      | Killed a centaur
  3217 | D:4      | Reached XP level 6. HP: 10/44 MP: 1/14
  3522 | D:4      | Reached skill level 5 in Dodging
  3523 | D:4      | Reached skill level 2 in Polearms
  3745 | D:4      | Identified the amulet of Igurghio {*Slow rElec Will+ Regen+
                  | Int+2}
  3778 | D:3      | Found an iron altar of Okawaru.
  3969 | D:5      | Entered Level 5 of the Dungeon
  4048 | D:5      | Found a glowing golden altar of the Shining One.
  4065 | D:5      | Reached XP level 7. HP: 50/50 MP: 11/15
  4272 | D:5      | Reached skill level 5 in Stealth
  4383 | D:5      | Found a broken altar of Ashenzari.
  4841 | D:6      | Reached skill level 3 in Polearms
  4841 | D:6      | Reached XP level 8. HP: 53/58 MP: 12/16
  4989 | D:6      | Noticed a troll
  4998 | D:6      | Killed a troll
  5251 | D:6      | Found a transporter.
  5269 | D:6      | Identified the +2 buckler "Qecag" {+Blink rN+}
  5285 | D:6      | Found a transporter.
  5296 | D:6      | Noticed esteth's ghost (amateur FeSu)
  5412 | D:6      | Found a white marble altar of Elyvilon.
  5523 | D:6      | Reached XP level 9. HP: 65/65 MP: 14/18
  5580 | D:6      | Learned a level 4 spell: Hailstorm
  5694 | D:6      | Found a shimmering altar of Xom.
  5906 | D:6      | Killed esteth's ghost
  5907 | D:6      | Reached skill level 4 in Polearms
  5917 | D:6      | !bestwep
  6358 | D:7      | Found a flagged portal.
  6415 | Bailey   | Entered a bailey
  6446 | Bailey   | Reached skill level 5 in Polearms
  6446 | Bailey   | Reached skill level 5 in Invocations
  6494 | Bailey   | Reached XP level 10. HP: 62/73 MP: 13/20
  6533 | Bailey   | Reached skill level 5 in Fighting
  6533 | Bailey   | Reached skill level 5 in Short Blades
  6533 | Bailey   | Reached skill level 5 in Long Blades
  6533 | Bailey   | Reached skill level 5 in Axes
  6533 | Bailey   | Reached skill level 5 in Maces & Flails
  6533 | Bailey   | Reached skill level 5 in Staves
  6533 | Bailey   | Reached skill level 5 in Slings
  6533 | Bailey   | Reached skill level 5 in Bows
  6533 | Bailey   | Reached skill level 5 in Crossbows
  6533 | Bailey   | Reached skill level 5 in Throwing
  6533 | Bailey   | Reached skill level 5 in Armour
  6533 | Bailey   | Reached skill level 5 in Shields
  6533 | Bailey   | Reached skill level 5 in Unarmed Combat
  6533 | Bailey   | Reached skill level 5 in Evocations
  6604 | Bailey   | Noticed a two-headed ogre
  6616 | Bailey   | Killed a two-headed ogre
  6617 | Bailey   | Reached skill level 6 in Polearms
  7078 | D:7      | Found a runed translucent door.
  7079 | D:7      | Noticed Crazy Yiuf
  7090 | D:7      | Killed Crazy Yiuf
  7252 | D:7      | Found a staircase to the Ecumenical Temple.
  7263 | Temple   | Entered the Ecumenical Temple
  7376 | Temple   | Became a worshipper of Cheibriados the Contemplative
  7641 | D:8      | Noticed Maurice
  7654 | D:8      | Killed Maurice
  7993 | D:8      | Found a hazy altar of Hepliaklqana.
  8181 | D:8      | Reached * piety under Cheibriados
  8182 | D:8      | Reached skill level 7 in Polearms
  8307 | D:9      | Noticed Erolcha
  8379 | D:9      | Noticed a centaur warrior
  8416 | D:9      | Reached XP level 11. HP: 81/81 MP: 16/22
  8487 | D:9      | !bestwep
  8493 | D:9      | Learned a level 5 spell: Metabolic Englaciation
  8498 | D:9      | Learned a level 4 spell: Petrify
  8612 | D:9      | Killed a centaur warrior
  8613 | D:9      | Reached skill level 5 in Conjurations
  8613 | D:9      | Reached skill level 5 in Hexes
  8613 | D:9      | Reached skill level 5 in Summonings
  8613 | D:9      | Reached skill level 5 in Necromancy
  8613 | D:9      | Reached skill level 5 in Translocations
  8613 | D:9      | Reached skill level 5 in Transmutations
  8613 | D:9      | Reached skill level 5 in Fire Magic
  8613 | D:9      | Reached skill level 5 in Air Magic
  8613 | D:9      | Reached skill level 5 in Earth Magic
  8613 | D:9      | Reached skill level 5 in Poison Magic
  8667 | D:9      | Killed Erolcha
  8918 | D:9      | Noticed a two-headed ogre
  8931 | D:9      | Killed a two-headed ogre
  9057 | D:10     | Entered Level 10 of the Dungeon
  9486 | D:10     | Reached ** piety under Cheibriados
  9836 | D:9      | Noticed a manticore
  9844 | D:9      | Killed a manticore
  9845 | D:9      | Reached skill level 8 in Polearms
  9874 | D:9      | Noticed a green ugly thing
  9884 | D:9      | Killed a green ugly thing
  9979 | D:9      | Noticed a wizard
  9998 | D:9      | Killed a wizard
 10111 | D:11     | Found a staircase to the Lair.
 10203 | D:11     | Found a transporter.
 10207 | D:11     | Found a transporter.
 10214 | D:11     | Noticed sanka's ghost (journeyman GnMo)
 10338 | D:11     | Noticed a manticore
 10356 | D:11     | Noticed a seven-headed hydra
 10356 | D:11     | Killed a manticore
 10362 | D:11     | Killed a seven-headed hydra
 10363 | D:11     | Reached XP level 12. HP: 88/89 MP: 1/24
 10613 | D:11     | Found a staircase to the Orcish Mines.
 10636 | D:11     | Noticed a boulder beetle
 10655 | D:11     | Killed a boulder beetle
 10667 | D:11     | Reached skill level 9 in Polearms
 10804 | D:11     | Noticed a two-headed ogre
 10816 | D:11     | Killed a two-headed ogre
 11527 | D:11     | !bestwep
 11528 | Lair:1   | Entered Level 1 of the Lair of Beasts
 11534 | Lair:1   | Reached *** piety under Cheibriados
 11769 | Lair:1   | Learned a level 5 spell: Summon Mana Viper
 11814 | Lair:1   | Noticed Joseph
 11825 | Lair:1   | Killed Joseph
 12065 | Lair:1   | Reached **** piety under Cheibriados
 12169 | Lair:1   | Noticed Harold
 12180 | Lair:1   | Killed Harold
 12297 | Lair:1   | Reached skill level 10 in Polearms
 12351 | Lair:1   | Noticed Sonja
 12366 | Lair:1   | Killed Sonja
 12623 | Lair:2   | Reached XP level 13. HP: 98/98 MP: 7/26
 12985 | Lair:2   | Reached ***** piety under Cheibriados
 14043 | Lair:3   | Found a staircase to the Shoals.
 14290 | Lair:3   | Found a blossoming altar of Fedhas.
 14405 | Lair:3   | Reached skill level 10 in Ice Magic
 14453 | Lair:3   | Reached skill level 11 in Polearms
 15310 | Lair:4   | Found a hole to the Spider Nest.
 15320 | Lair:4   | Reached skill level 10 in Spellcasting
 16411 | Lair:5   | Noticed Kirke
 16425 | Lair:5   | Killed Kirke
 16538 | Lair:5   | Reached skill level 10 in Dodging
 16538 | Lair:5   | Reached XP level 14. HP: 101/106 MP: 23/28
 16856 | Lair:5   | Reached skill level 10 in Stealth
 16920 | Lair:5   | Found a runed translucent door.
 16920 | Lair:5   | Found a viscous altar of Jiyva.
 16921 | Lair:5   | Found a staircase to the Slime Pits.
 17009 | Lair:5   | Noticed Rupert
 17027 | Lair:5   | Killed Rupert
 17028 | Lair:5   | Reached skill level 12 in Polearms
 17364 | Lair:6   | Entered Level 6 of the Lair of Beasts
 17480 | Lair:6   | Reached skill level 10 in Invocations
 17547 | Lair:6   | !bestwep
 17568 | Lair:6   | Reached ****** piety under Cheibriados
 17751 | Lair:6   | Found a large runed translucent door.
 17751 | Lair:6   | Found a large runed translucent door.
 19485 | D:11     | Learned a level 4 spell: Olgreb's Toxic Radiance
 19507 | Orc:1    | Entered Level 1 of the Orcish Mines
 19628 | Orc:2    | Entered Level 2 of the Orcish Mines
 19636 | Orc:2    | Noticed Saint Roka
 19653 | Orc:1    | Reached XP level 15. HP: 100/115 MP: 4/29
 19768 | Orc:2    | Noticed Josephine
 19781 | Orc:1    | Killed Josephine
 19988 | D:11     | Killed sanka's ghost
 19989 | D:11     | Reached skill level 13 in Polearms
 20141 | D:12     | Noticed Jorgrun
 20160 | D:12     | Killed Jorgrun
 20988 | D:13     | Reached skill level 10 in Fighting
 20988 | D:13     | Reached skill level 10 in Short Blades
 20988 | D:13     | Reached skill level 10 in Long Blades
 20988 | D:13     | Reached skill level 10 in Axes
 20988 | D:13     | Reached skill level 10 in Maces & Flails
 20988 | D:13     | Reached skill level 10 in Staves
 20988 | D:13     | Reached skill level 10 in Slings
 20988 | D:13     | Reached skill level 10 in Bows
 20988 | D:13     | Reached skill level 10 in Crossbows
 20988 | D:13     | Reached skill level 10 in Throwing
 20988 | D:13     | Reached skill level 10 in Armour
 20988 | D:13     | Reached skill level 10 in Shields
 20988 | D:13     | Reached skill level 10 in Unarmed Combat
 20988 | D:13     | Reached skill level 10 in Evocations
 21031 | D:13     | Identified the +7 quarterstaff "Foxamiss" {vorpal, Will+
                  | rCorr}
 21757 | D:13     | Noticed Azrael
 21771 | D:13     | Killed Azrael
 22128 | D:13     | !bestwep
 22438 | D:14     | Found a gate to the Vaults.
 22866 | D:15     | Entered Level 15 of the Dungeon
 23132 | D:15     | Noticed Louise
 23149 | D:15     | Killed Louise
 23158 | D:15     | !bestwep
 23325 | D:15     | Found a staircase to the Depths.
 24151 | Orc:2    | Reached skill level 14 in Polearms
 24155 | Orc:2    | Killed Saint Roka
 24166 | Orc:1    | Reached XP level 16. HP: 59/123 MP: 6/31
 24349 | Orc:2    | Found a staircase to the Elven Halls.
 24349 | Orc:2    | Found Dinamoa's Jewellery Boutique.
 24912 | Orc:2    | Found Luhuidwiept's Armour Boutique.
 24912 | Orc:2    | Found Gorameuri's Jewellery Boutique.
 24923 | Orc:2    | Found Tel Laoc's General Store.
 24940 | Orc:2    | Found Xeavualiro's Antique Armour Shop.
 25388 | Spider:1 | Entered Level 1 of the Spider Nest
 25388 | Spider:1 | Noticed Nikola
 25405 | Spider:1 | Killed Nikola
 25574 | Lair:4   | !bestwep
 25627 | Spider:1 | Identified Roxanne's Collected Works on Earth
 25627 | Spider:1 | Noticed Roxanne
 26194 | Spider:1 | Killed Roxanne
 26203 | Spider:1 | Learned a level 5 spell: Borgnjor's Vile Clutch
 26581 | Spider:1 | Learned a level 5 spell: Yara's Violent Unravelling
 26590 | Spider:1 | Learned a level 5 spell: Metabolic Englaciation
 26756 | Spider:2 | Reached skill level 15 in Polearms
 26799 | Spider:2 | Gained mutation: Armour fits poorly on your strangely
                  | shaped body. [mutagenic glow]
 27050 | Spider:2 | Reached XP level 17. HP: 102/131 MP: 20/33
 28909 | Spider:3 | Learned a level 5 spell: Freezing Cloud
 29577 | Spider:4 | Entered Level 4 of the Spider Nest
 29802 | Spider:4 | Reached skill level 10 in Conjurations
 29802 | Spider:4 | Reached skill level 10 in Hexes
 29802 | Spider:4 | Reached skill level 10 in Summonings
 29802 | Spider:4 | Reached skill level 10 in Necromancy
 29802 | Spider:4 | Reached skill level 10 in Translocations
 29802 | Spider:4 | Reached skill level 10 in Transmutations
 29802 | Spider:4 | Reached skill level 10 in Fire Magic
 29802 | Spider:4 | Reached skill level 10 in Air Magic
 29802 | Spider:4 | Reached skill level 10 in Earth Magic
 29802 | Spider:4 | Reached skill level 10 in Poison Magic
 29927 | Spider:4 | Noticed Arachne
 29941 | Spider:4 | Killed Arachne
 30350 | Spider:4 | Reached skill level 16 in Polearms
 30899 | Spider:4 | Reached XP level 18. HP: 86/140 MP: 16/35
 31036 | Spider:4 | Noticed Aizul
 31051 | Spider:4 | Killed Aizul
 31300 | Spider:4 | Got a gossamer rune of Zot
 31389 | Spider:4 | !bestwep
 31856 | Shoals:1 | Entered Level 1 of the Shoals
 32034 | Shoals:1 | Noticed a titan
 32103 | Shoals:1 | Found Rotil's Book Boutique.
 32130 | Shoals:1 | Found a frozen archway.
 32160 | Shoals:1 | HP: 4/140 [ice statue/bolt of cold (23)]
 32378 | IceCv    | Entered an ice cave
 33379 | IceCv    | Found a viscous altar of Jiyva.
 33507 | IceCv    | Identified the ring "Irghopp" {*Corrode rF+++ Int+6}
 33509 | IceCv    | Identified the amulet of Dim Light {Reflect rF- rC++ rCorr
                  | Int+2 SH+5}
 33513 | IceCv    | Got the +7 dagger of Wyrd {freeze, rC++}
 33514 | IceCv    | Identified the amulet of Jeitucis {Spirit rC+ Dex+7 Slay+2}
 33516 | IceCv    | Identified the ring "Worir" {Fly rPois Will+ Stlth-}
 33524 | IceCv    | Got the ring of Ykeac Fyhi {Ice rElec Str+9 Int-2}
 33628 | Shoals:1 | !bestwep
 35408 | Shoals:2 | Found Lonkunn's Magic Scroll Shop.
 35623 | Shoals:2 | Reached skill level 17 in Polearms
 35949 | Orc:2    | Bought the ring of the Mage {Wiz Archmagi} for 867 gold
                  | pieces
 35949 | Orc:2    | Found the ring of the Mage {Wiz Archmagi}
 36566 | Shoals:3 | Learned a level 4 spell: Olgreb's Toxic Radiance
 36570 | Shoals:3 | Learned a level 3 spell: Ignite Poison
 37125 | Shoals:3 | Reached XP level 19. HP: 148/148 MP: 22/36
 37827 | Shoals:4 | Entered Level 4 of the Shoals
 37846 | Shoals:4 | Found Irrae's General Store.
 37857 | Shoals:4 | Found Ygocotoi's Assorted Antiques.
 37862 | Shoals:4 | Found Nowaiti's Antique Armour Shoppe.
 37882 | Shoals:4 | Found Pastoy's Weapon Shoppe.
 37952 | Shoals:4 | Found a flickering gateway to a bazaar.
 37964 | Bazaar   | Entered a bazaar
 37964 | Bazaar   | Found Zemej's Jewellery Shop.
 37964 | Bazaar   | Found Byhu's Jewellery Shoppe.
 37964 | Bazaar   | Found Vonebaw's Assorted Antiques.
 38009 | Bazaar   | Found Ydweakemn's Magic Scroll Shop.
 38034 | Bazaar   | Bought a scroll of blinking for 105 gold pieces
 38034 | Bazaar   | Bought a scroll of blinking for 105 gold pieces
 38054 | Bazaar   | Bought the ring of Vahu {rCorr AC+4} for 631 gold pieces
 38238 | Shoals:4 | Bought a pair of runed gloves for 225 gold pieces
 38487 | Shoals:4 | Got a barnacled rune of Zot
 38727 | Shoals:4 | Learned a level 7 spell: Ozocubu's Refrigeration
 39516 | Shoals:4 | Identified the ring "Xeschieze" {+Blink rPois Will+ MP+9}
 40244 | Shoals:4 | Identified the +6 short sword of Eros Jygoi {elec, Fly}
 40529 | Elf:1    | Entered Level 1 of the Elven Halls
 41469 | Elf:1    | Found Jaorr's Book Boutique.
 41480 | Elf:1    | Found Awol's Jewellery Shop.
 41524 | Elf:1    | Bought a book of the Sky for 440 gold pieces
 41995 | Elf:2    | Found a portal to a secret trove of treasure.
 42018 | Elf:2    | Found Iwkos's Distillery.
 42053 | Elf:2    | Bought a potion of heal wounds for 85 gold pieces
 42061 | Elf:2    | Paralysed by an air elemental for 1 turns
 42206 | Elf:2    | Identified the +5 broad axe "Ybaucah" {vorpal, Fragile
                  | Int+4 Dex+6 Stlth+}
 42794 | Elf:2    | Found a runed translucent gate.
 42795 | Elf:2    | Found a runed translucent gate.
 42796 | Elf:2    | Found a runed translucent gate.
 42800 | Elf:2    | Reached skill level 18 in Polearms
 43241 | Elf:2    | Reached XP level 20. HP: 157/157 MP: 12/38
 43778 | Elf:3    | Entered Level 3 of the Elven Halls
 44073 | Elf:3    | Found Johuc's Jewellery Emporium.
 44251 | Elf:3    | Identified the +6 war axe "Ress" {venom, Will+ Dex+4}
 44323 | Elf:3    | Identified the ring of Oveeqir {*Slow rF+ rN++ Int+6}
 44412 | Elf:3    | Paralysed by an air elemental for 1 turns
 44749 | Elf:3    | Identified the +4 triple crossbow "Newtslayer" {speed,
                  | Dex+3}
 44796 | Elf:3    | Got the Handbook of Noxious Air
 44800 | Elf:3    | Identified the +7 quarterstaff of Untimely Demise {vamp,
                  | rC+ rCorr Dex-3}
 44869 | Elf:3    | Identified the +4 spear of Midsummer {antimagic, rElec}
 44876 | Elf:3    | Identified the +6 flail of Agony {protect, Dex+4}
 44880 | Elf:3    | HP: 7/158 [deep elf annihilator/iron shot (28)]
 45228 | Elf:3    | Learned a level 6 spell: Eringya's Noxious Bog
 45294 | Elf:3    | Identified the ring "Kiguy" {Wiz rF+ rN+ Str-3 Dex+2}
 45407 | Elf:3    | Reached skill level 15 in Invocations
 45784 | Elf:3    | Found the +3 hat of Pondering {ponderous, Will+ MP+10
                  | Int+5}
 45831 | Elf:3    | Identified the +0 helmet "Ossosm" {rElec Str+4}
 45870 | Elf:3    | Got the Reference Book on the Dusty Traveller
 45987 | Elf:3    | Got Deco's Handbook of Captivating Feathers
 46276 | Vaults:1 | Entered Level 1 of the Vaults
 46576 | Vaults:1 | Found a flickering gateway to a bazaar.
 46594 | Bazaar   | Entered a bazaar
 46608 | Bazaar   | Found Nuisecu's Distillery.
 46620 | Bazaar   | Found Cynk's Magic Scroll Emporium.
 46630 | Bazaar   | Bought 2 scrolls of blinking for 165 gold pieces
 46630 | Bazaar   | Bought a scroll of fear for 38 gold pieces
 46630 | Bazaar   | Bought a scroll of fear for 38 gold pieces
 46642 | Bazaar   | Found Sefideaq's Magic Scroll Emporium.
 46663 | Bazaar   | Found Helom Zou's Distillery.
 46667 | Bazaar   | Bought a potion of heal wounds for 70 gold pieces
 46667 | Bazaar   | Bought a potion of magic for 112 gold pieces
 46682 | Bazaar   | Bought a scroll of fog for 22 gold pieces
 46978 | Vaults:1 | Reached skill level 19 in Polearms
 47149 | Vaults:1 | Reached XP level 21. HP: 110/165 MP: 39/39
 47895 | Vaults:2 | Reached skill level 15 in Spellcasting
 48020 | Vaults:2 | Found a magical portal.
 48027 | WizLab   | Entered Maxwell's Workshop
 48082 | WizLab   | Identified the ring "Xisaeh Hopte" {Ice Str+5}
 48087 | WizLab   | Identified the ring "Haofuest" {Fire rN+}
 48437 | WizLab   | Reached skill level 15 in Dodging
 48634 | WizLab   | Learned a level 8 spell: Ignition
 48910 | WizLab   | Identified the ring "Ulyo" {Fire SInv Stlth+}
 48947 | WizLab   | Identified the +9 spear of Sequestration {freeze, MP+9
                  | Dex+3}
 49106 | Vaults:2 | Reached skill level 15 in Stealth
 49362 | Vaults:2 | Noticed Asterion
 49372 | Vaults:2 | Killed Asterion
 49548 | Vaults:2 | Noticed Boris
 49561 | Vaults:2 | Killed Boris
 50000 | Vaults:2 | Found Zaesimm's Antique Armour Emporium.
 50205 | Vaults:2 | Identified the ring "Fuul" {Fly rPois rN+ rCorr Stlth+}
 51082 | Vaults:3 | Reached XP level 22. HP: 174/174 MP: 41/41
 51088 | Vaults:3 | Reached skill level 20 in Polearms
 51477 | Vaults:3 | Identified the +4 great mace of Gushoq {freeze, rElec rPois
                  | rC-}
 51485 | Vaults:3 | Noticed Bai Suzhen
 51487 | Vaults:3 | Killed Bai Suzhen
 52010 | Vaults:3 | Reached skill level 15 in Fighting
 52010 | Vaults:3 | Reached skill level 15 in Short Blades
 52010 | Vaults:3 | Reached skill level 15 in Long Blades
 52010 | Vaults:3 | Reached skill level 15 in Axes
 52010 | Vaults:3 | Reached skill level 15 in Maces & Flails
 52010 | Vaults:3 | Reached skill level 15 in Staves
 52010 | Vaults:3 | Reached skill level 15 in Slings
 52010 | Vaults:3 | Reached skill level 15 in Bows
 52010 | Vaults:3 | Reached skill level 15 in Crossbows
 52010 | Vaults:3 | Reached skill level 15 in Throwing
 52010 | Vaults:3 | Reached skill level 15 in Armour
 52010 | Vaults:3 | Reached skill level 15 in Shields
 52010 | Vaults:3 | Reached skill level 15 in Unarmed Combat
 52010 | Vaults:3 | Reached skill level 15 in Evocations
 52150 | Vaults:3 | Found a staircase to the Crypt.
 52665 | Vaults:4 | Noticed Margery
 52676 | Vaults:4 | Killed Margery
 53011 | Vaults:4 | Noticed Mara
 53018 | Vaults:4 | Noticed wakim's illusion
 53020 | Vaults:4 | Killed Mara
 54226 | Vaults:5 | Entered Level 5 of the Vaults
 54234 | Vaults:5 | Reached XP level 23. HP: 182/182 MP: 29/43
 54343 | Vaults:5 | Noticed a dread lich
 54434 | Vaults:5 | Killed a dread lich
 54434 | Vaults:5 | Identified the ring "Gofriuz" {rElec rPois rN+ Str-2
                  | Stlth+}
 54436 | Vaults:5 | Reached skill level 21 in Polearms
 54574 | Vaults:5 | Noticed a golden dragon
 54576 | Vaults:5 | Noticed a dread lich
 54576 | Vaults:5 | HP: 7/182 [tentacled monstrosity (7)]
 54576 | Vaults:5 | HP: 2/182 [constriction (5)]
 54577 | Vaults:5 | Mangled by a fire giant

Illustrated notes ### ##.....## ##...## ##'## #†# #### #.# ...########.## ##.#....÷....## #.#.####.....########## ##.#.####.......@...>..$ ..........#.#.########## ##.#.###..#.#.# #.#.###......# ##.#......#.### ...########.######## #### #......... #..#######.# #..# #.# Turn 331 on D:1: !bestwep #.....[### ##.###### #...#..# #.......# #......# ##.####.# #####'## ### #.# ##...## #.# ##.....## ### #.# ##.......## ##.###.# ##.........####...##.# .'.........+....@..#.# ##.........####......# ##.......## ##.....# ##.....## #.....# ##...## #.....# ##+## #.....# ###.### #.# #.# Turn 482 on D:1: !bestwep ## ######### #.# #........ #.# ####.....##. #.######........... #@......##.....##. #.#########.....##. #.# ###.##### #.# ########.## ... ..........#### #.# .#######...... ... .#######.....# .. ..........8.## .######^...## Turn 2501 on D:3: !bestwep #.# #.≈≈..#.#..$#.#..≈≈.# #.# #.≈≈.##.#$..#.##.≈≈.# ##.# #.≈≈.#..#W:g#.©#.≈≈.# ...# #.≈≈.##.#####.##.≈≈.# #### #.....#.#8⌠8#.#..≈≈.# #....©#.'.©)).#©.≈≈.# #.....#.#)..#.#..≈≈.# #.≈≈.##.##†##.##.≈≈.# #.≈≈.#..#.)@#..#.≈≈.# #.≈≈.##.#⌠.⌠#.##.≈≈.# ##.≈≈..#.#...#.#..≈≈.# #####..≈≈###.##'##.###≈≈.# .......≈≈#...........#≈≈.# #####..≈≈#8.###.###.8#≈≈.# #..≈≈#..#8###8#..#≈≈.# #..≈≈####.....####≈≈.# #..≈≈≈≈≈≈≈≈≈≈≈≈≈≈≈≈≈.# Turn 5917 on D:6: !bestwep ∆ ##...##...## #.#.## ##..........## .#.#. ∆#............# $...###............# ..................# ..####..........## # #.## ##........## ####.#..######).....# . .......@.....†......# . ####.##.######......# #...####......# . ###..##..###### . ##..#.## # ##...# . #.#.# #.#.# #.#.# Turn 8487 on D:9: !bestwep ######.##...............# #..# # #.##....≈.≈.≈.≈.≈..# #.## # #.##)≈....≈≈.≈.≈≈..# #.# #.##..≈≈≈≈.≈≈≈≈≈.≈.# #.# #......≈≈≈≈≈≈≈≈≈≈..# #.# #.#....≈≈≈≈≈≈≈≈≈≈≈≈# #.# ######.##.≈≈≈≈.≈.≈.≈≈≈≈≈# #.# .......##..≈≈≈....≈≈≈≈≈≈# #.# #########..≈≈.≈.@..≈≈≈≈≈# #.# #########.≈≈≈......≈≈≈≈≈# #.# ...........≈≈≈....≈≈≈≈≈≈# #.# #########..≈≈≈.≈.≈≈≈≈≈≈.# #.# ### #...≈≈≈≈..≈≈≈≈..# #.# ##†###...≈≈≈≈.≈≈.≈≈..# #.# #..<....≈≈≈≈≈.≈≈≈....# #.# ##†##...≈≈≈≈≈.≈≈≈≈...###.# #.##..≈≈≈≈.≈.≈≈≈≈≈≈.#...# Turn 11527 on D:11: !bestwep #### ### ### ### ###.P# # .P###P###.###.#P.#.#.##. ................@†...... .................###P### .................## ..........†.......# .................## ...........†......# ................### ................# .................. Turn 17547 on Lair:6: !bestwep #.......######.####.## #########..###......####..## #..≈...≈≈≈≈≈≈≈....≈...≈≈≈... #.≈≈≈≈≈≈≈≈≈≈≈.≈≈≈≈≈≈≈≈≈≈≈... #≈≈♣♣♣≈.≈♣♣♣≈.≈♣♣♣≈≈≈♣♣♣≈≈#. #.≈♣ ♣≈.≈♣ ♣≈≈≈♣ ♣≈≈≈♣ ♣≈... #.≈♣♣♣≈.≈♣♣♣≈≈≈♣♣♣≈.≈♣♣♣≈≈.. #.≈≈≈≈≈.≈≈≈≈≈.≈≈≈≈≈≈≈≈≈≈≈≈.. #≈..≈≈≈....@≈.(≈≈≈....≈.≈... #≈≈≈≈≈≈≈≈≈≈≈≈.≈≈≈≈≈.≈≈≈≈≈... #≈≈♣♣♣≈≈≈♣♣♣≈.≈♣♣♣≈≈≈♣♣♣≈... ##≈≈♣ ♣≈≈≈♣ ♣≈≈≈♣ ♣≈≈≈♣ ♣≈... #.≈≈♣♣♣≈≈≈♣♣♣≈≈≈♣♣♣≈.≈♣♣♣≈≈.. #..≈≈≈≈≈.≈≈≈≈≈.≈≈≈≈≈.≈≈≈≈≈≈.. #...≈.)≈≈≈.≈.≈≈.≈≈.)≈.≈≈.≈... #..≈≈≈≈≈≈≈≈≈≈≈≈≈≈≈≈≈≈≈≈≈≈≈≈.. #..≈♣♣♣≈.≈♣♣♣≈.≈♣♣♣≈.≈♣♣♣≈.## Turn 22128 on D:13: !bestwep .###.###.### ...........##.# #.# #. ..##.###.#.##.# ..# ..# ..##(# #.#.##.# ..#... ..##.###.#.##.# ..#.. .........#.##.###.#.# ..#####.##.##.##).)# ..# #.##.##.##.).#∆ ..#####.##.##.##@S.# ..................#....# #.########.............# #..........######.#...## ##########.# ....... #.# ###.### #.# # #.# #.. Turn 23158 on D:15: !bestwep ##....# #...P## #####....# ####.###...P# ##..##.#.##.## ##..#...#...### #...#..###..### ##.#..#.#.#.### ##### #..#####@.##### #...# ##.#..#...#.### #...## ##..#..###..### #....# #...#.......### #...## #####...##.#.##.## #...# ######P.##.....###.[### #...### #..P###............P..#####...#.. ....P#......##P.................. ....###...#####.................. Turn 25574 on Lair:4: !bestwep .......##^#... ##..## .###....### #. #... ..#..#### #.#.. ###.## ############.## ...)####^≈.^.#≈###### ##...^.^.#^#..^.#≈## ......≈###.###....≈# ....†.[##...##.....#### ......##.....##.@....≈# ..............^.......^# ......##....^##........^ .......##...##^........s ....^.^###.###...^...... #.#^≈...^#.#^......^.... #(###......^......).#.#. ^..##^............###.# ....##......[....^# Turn 31389 on Spider:4: !bestwep

≈≈≈≈≈≈≈≈≈≈≈≈≈≈≈≈≈≈≈≈≈>#**?......,
≈≈≈≈≈≈≈≈≈≈≈≈≈≈≈≈≈≈≈≈≈≈# *??......
≈≈≈≈≈≈≈≈≈≈≈≈≈≈≈≈≈≈≈≈≈≈###)......≈
≈≈≈≈≈≈≈≈≈≈≈≈...≈≈≈≈≈≈≈≈##*8.≈≈≈≈#
≈...≈≈≈≈≈≈≈......≈≈≈≈≈≈≈##*******
E###.≈≈≈≈≈≈............≈≈######**
.###.≈.≈≈≈≈............≈.≈..≈≈≈≈≈
..##.....≈≈≈............≈≈..≈≈≈≈≈
....#....≈≈≈≈.[=@.......≈≈≈≈≈≈≈≈,
≈≈..###...≈≈.............≈≈≈≈≈≈≈≈
≈≈.## #....≈.............≈≈≈≈≈≈≈≈
≈≈.## #....≈≈............≈≈≈≈≈≈≈≈
≈≈..# #...≈≈≈.............≈≈≈≈≈≈≈
≈≈..###..≈≈≈≈≈............≈≈≈≈≈≈≈
≈≈≈.....≈≈≈≈≈≈≈...........≈≈≈≈≈≈≈
≈≈≈≈≈≈≈≈≈≈≈≈≈≈≈...........≈≈≈≈≈≈≈
≈≈≈≈≈≈≈≈≈≈≈≈≈≈≈≈....,,,,,,,≈≈≈≈≈≈


Turn 33628 on Shoals:1: !bestwep

Levels and vault maps discovered:
D:1:      evilmike_arrival_come_back, layout_loops_corners
D:2:      layout_basic, shapermc_ecumenical_altar_acropolis, uniq_natasha,
          uniq_terence
D:3:      layout_loops_ring, nicolae_overflow_ecumenical_swirl, minmay_distorted
D:4:      layout_cave_pools
D:5:      layout_basic, mainiacjoe_overflow_chevrons, evilmike_ruin_ashenzari
D:6:      layout_loops_ring, mainiacjoe_overflow_24_doors, xom_teletrap_fun,
          gammafunk_ghost_gnarly_gnolls, grunt_ministairs_6,
          mumra_transporter_accident
D:7:      hellmonk_destroyed_diamonds, layout_loops_cross,
          lemuel_temple_firewalk_a, enter_bailey_5, uniq_crazy_yiuf_cottage
D:8:      layout_rooms, mainiacjoe_overflow_alcove_2, nicolae_fountain_basement,
          uniq_maurice
D:9:      cheibrodos_elevator_heist, layout_rooms, uniq_erolcha
D:10:     layout_gridville
D:11:     layout_loops_ring, erik_lair_island, orc_0_dummy,
          gammafunk_ghost_hive, serial_bayou, serial_bayou_pond_b,
          serial_bayou_lake_a, serial_bayou_ford_a, serial_bayou_lagoon_b,
          serial_bayou_shore_b
D:12:     layout_small_grid, uniq_jorgrun
D:13:     layout_basic, kennysheep_boxes, uniq_azrael
D:14:     layout_rooms, david_vaults_2, hangedman_abyss_or_decor_stabs,
          kennysheep_cluttered_room
D:15:     hangedman_depths_entry_civil_slaughter, layout_loops_ring, uniq_louise
Temple:   nicolae_temple_elliptical
Lair:1:   layout_long_grid, cheibrodos_lair_reptile_den, uniq_harold,
          uniq_sonja, uniq_joseph
Lair:2:   layout_regular_city, minivault_27, nzn_random_ring,
          lemuel_fruit_fields
Lair:3:   layout_cave_pods, minmay_shoals_entry_centaurs, basic_altar
Lair:4:   layout_cellular_growth, hellmonk_spider_entry_not_the_bees
Lair:5:   layout_cave_pods, slime_altar_2, infiniplex_staircase_pool_2,
          grunt_megastairs_2, uniq_rupert, uniq_kirke
Lair:6:   cheibrodos_lair_end_hotspot, layout_long_grid,
          nicolae_quartered_pool_super, kennysheep_basilisk_garden
Shoals:1: cheibrodos_shoals_gigantism, layout_shoals, serial_shops,
          nicolae_shop_trees, portal_ice_cave_entry_ice_statue_two
Shoals:2: layout_shoals, serial_shops, shop_statue
Shoals:3: layout_shoals
Shoals:4: shoals_end_grunt_ice, layout_shoals, serial_shops, freezing_bzr,
          nicolae_shop_waterfront, shop, shop, shop_coins
Spider:1: layout_spider_delve, uniq_nikola, uniq_roxanne
Spider:2: nicolae_spider_hilbert_zone_2 [nicolae_spider_hilbert_4_sides_1_open,
          nicolae_spider_hilbert_4_sides_1_open,
          nicolae_spider_hilbert_4_sides_1_open,
          nicolae_spider_hilbert_4_sides_1_open,
          nicolae_spider_hilbert_6_sides_1_open,
          nicolae_spider_hilbert_6_sides_1_open,
          nicolae_spider_hilbert_3_sides_1_open,
          nicolae_spider_hilbert_3_sides_1_open,
          nicolae_spider_hilbert_3_sides_1_open,
          nicolae_spider_hilbert_3_sides_1_open,
          nicolae_spider_hilbert_6_sides_1_open,
          nicolae_spider_hilbert_6_sides_1_open,
          nicolae_spider_hilbert_6_sides_1_open,
          nicolae_spider_hilbert_6_sides_1_open]
Spider:3: layout_spider_delve
Spider:4: hellmonk_spider_rune_endless_swarm, uniq_aizul, uniq_arachne
Orc:1:    layout_caves, mines2_david
Orc:2:    st_orc_open, layout_diamond_mine, gauntlet_entry_generic,
          minmay_shop_enchanted_jewellery, uniq_josephine, uniq_saint_roka
Elf:1:    elf_arrival_002, layout_gridlike, minmay_elf_crystal_hexagon,
          drop_trap, minmay_shoptagon
Elf:2:    nicolae_elf_blades_splatter_lattice [mumra_blade_entry_bloodbath],
          layout_rooms, serial_shops, nicolae_shop_waterfront, serial_sigils,
          serial_sigils_hangedman_snap, serial_sigils_hangedman_gut,
          serial_sigils_hangedman_carve, serial_sigils_hangedman_stare,
          serial_sigils_hangedman_writhe, enter_trove_0, item_on_display_a
Elf:3:    nooodl_elf_gasket, layout_gridlike, serial_shops, shop,
          nicolae_elf_big_sculpture_3
Vaults:1: serial_ice_g, vaults_room_fancy_cross,
          nicolae_vaults_little_squares_6, v_misc_19, v_misc_11,
          v_alt_pattern_3, v_misc_14, vaults_dpeg_ring,
          nicolae_vaults_gold_heap, hangedman_vaults_trim,
          layout_vaults_omnicross, serial_shops, bzr_entry_lakeside
Vaults:2: infiniplex_enter_wizlab_glasses, v_alt_pattern_5,
          grunt_vaults_hallway_long, vaults_mumra_hexcomb,
          nicolae_vaults_network_s, nicolae_vaults_asterisk,
          ontoclasm_vaults_pinch, ontoclasm_vaults_decontamination,
          layout_vaults_quadrants, serial_shops, nicolae_shop_statue_plus,
          uniq_asterion, uniq_boris
Vaults:3: nicolae_vaults_network_barrier, v_rooms_3,
          minmay_crypt_entry_simple_round, v_misc_17, v_misc_5,
          ontoclasm_vaults_hangar, vaults_room_corners,
          nicolae_vaults_three_branches, nicolae_vaults_little_squares_3,
          vaults_room_pool, vaults_dpeg_cross, v_misc_16,
          vaults_room_semicircle, v_misc_11, layout_vaults_big_room,
          uniq_bai_suzhen
Vaults:4: vaults_room_stairs_pillars, nicolae_vaults_mini_display_case,
          vaults_mumra_chevron_long, v_misc_32, ontoclasm_vaults_hangar,
          special_room_vaults [special_room_orc], hangedman_vaults_restitches,
          vaults_room_semicircle, ontoclasm_vaults_shuriken,
          ontoclasm_vaults_idyll, layout_vaults_ring, uniq_margery, uniq_mara
Vaults:5

Skill      XL: |  1  2  3  4  5  6  7  8  9 10 11 12 13 14 15 16 17 18 19 20 21 22 23 |
---------------+----------------------------------------------------------------------+-----
Spellcasting   | 5 6 7 8 9 10 11 12 13 14 15 16 | 16.3
Invocations    | 1 2 3 4 5 6 7 8 9 10 11 12 13 14 15 16 | 16.9
Fighting       | 1 2 3 4 5 6 7 8 9 10 11 12 13 14 15 | 15.6
Short Blades   | 1 2 3 4 5 6 7 8 9 10 11 12 13 14 15 | 15.6
Long Blades    | 1 2 3 4 5 6 7 8 9 10 11 12 13 14 15 | 15.6
Axes           | 1 2 3 4 5 6 7 8 9 10 11 12 13 14 15 | 15.6
Maces & Flails | 1 2 3 4 5 6 7 8 9 10 11 12 13 14 15 | 15.6
Polearms       | 1 2 3 5 7 8 10 11 12 14 15 16 17 18 19 20 21 | 21.0
Staves         | 1 2 3 4 5 6 7 8 9 10 11 12 13 14 15 | 15.6
Slings         | 1 2 3 4 5 6 7 8 9 10 11 12 13 14 15 | 15.6
Bows           | 1 2 3 4 5 6 7 8 9 10 11 12 13 14 15 | 15.6
Crossbows      | 1 2 3 4 5 6 7 8 9 10 11 12 13 14 15 | 15.6
Throwing       | 1 2 3 4 5 6 7 8 9 10 11 12 13 14 15 | 15.6
Armour         | 1 2 3 4 5 6 7 8 9 10 11 12 13 14 15 | 15.6
Shields        | 1 2 3 4 5 6 7 8 9 10 11 12 13 14 15 | 15.6
Unarmed Combat | 1 2 3 4 5 6 7 8 9 10 11 12 13 14 15 | 15.6
Evocations     | 1 2 3 4 5 6 7 8 9 10 11 12 13 14 15 | 15.6
Conjurations   | 1 2 3 4 5 6 7 8 9 10 11 12 13 | 13.3
Hexes          | 1 2 3 4 5 6 7 8 9 10 11 12 13 | 13.3
Summonings     | 1 2 3 4 5 6 7 8 9 10 11 12 13 | 13.3
Necromancy     | 1 2 3 4 5 6 7 8 9 10 11 12 13 | 13.3
Translocations | 1 2 3 4 5 6 7 8 9 10 11 12 13 | 13.3
Transmutations | 1 2 3 4 5 6 7 8 9 10 11 12 13 | 13.3
Fire Magic     | 1 2 3 4 5 6 7 8 9 10 11 12 13 | 13.3
Air Magic      | 1 2 3 4 5 6 7 8 9 10 11 12 13 | 13.3
Earth Magic    | 1 2 3 4 5 6 7 8 9 10 11 12 13 | 13.3
Poison Magic   | 1 2 3 4 5 6 7 8 9 10 11 12 13 | 13.3
Dodging        | 5 6 7 8 9 10 11 12 13 14 15 16 | 16.2
Stealth        | 5 6 7 8 9 10 11 12 13 14 15 16 | 16.1
Ice Magic      | 8 9 10 11 12 13 14 | 14.9

Action                   |  1- 3 |  4- 6 |  7- 9 | 10-12 | 13-15 | 16-18 | 19-21 | 22-24 || total
-------------------------+-------+-------+-------+-------+-------+-------+-------+-------++-------
Melee: Staff             |    18 |    12 |       |       |       |       |       |       ||    30
       Bite              |     2 |     2 |     9 |    50 |   202 |   216 |   118 |    33 ||   632
       Whip              |       |    27 |   128 |    62 |    26 |    13 |       |       ||   256
       Punch             |       |       |     4 |       |       |       |       |       ||     4
       Trident           |       |       |    11 |   339 |  1030 |   204 |       |       ||  1584
       Rapier            |       |       |       |       |       |   918 |   555 |   138 ||  1611
 Cast: Freeze            |    26 |       |       |       |       |       |       |       ||    26
       Frozen Ramparts   |     7 |    33 |    32 |    55 |    90 |   105 |       |       ||   322
       Ozocubu's Armour  |     1 |     2 |    12 |    39 |    58 |    38 |     6 |     3 ||   159
       Hailstorm         |       |       |       |    11 |    34 |     5 |       |       ||    50
       Metabolic Englaci |       |       |       |     5 |     9 |     3 |       |     1 ||    18
       Petrify           |       |       |       |    14 |     4 |    10 |       |       ||    28
       Summon Mana Viper |       |       |       |     4 |    32 |     7 |     1 |       ||    44
       Olgreb's Toxic Ra |       |       |       |       |    18 |    19 |   127 |    13 ||   177
       Borgnjor's Vile C |       |       |       |       |       |    70 |    51 |    13 ||   134
       Freezing Cloud    |       |       |       |       |       |    46 |       |       ||    46
       Yara's Violent Un |       |       |       |       |       |    14 |     4 |     1 ||    19
       Ignite Poison     |       |       |       |       |       |    13 |   172 |    20 ||   205
       Ozocubu's Refrige |       |       |       |       |       |       |    32 |    10 ||    42
       Eringya's Noxious |       |       |       |       |       |       |    29 |    11 ||    40
       Ignition          |       |       |       |       |       |       |    21 |    28 ||    49
Invok: Slouch            |       |       |       |       |       |     2 |     2 |     6 ||    10
Evoke: Wand              |       |       |       |     3 |       |       |       |       ||     3
  Use: Scroll            |       |     7 |     2 |    10 |    10 |     6 |     9 |       ||    44
       Potion            |       |     1 |       |       |     1 |     2 |     3 |       ||     7
 Stab: Sleeping          |     1 |     1 |     1 |       |     9 |    15 |    22 |     6 ||    55
       Paralysed         |       |       |       |     4 |       |       |       |       ||     4
       Petrified         |       |       |       |    32 |     4 |     4 |       |       ||    40
       Petrifying        |       |       |       |     1 |     1 |       |       |       ||     2
       Distracted        |       |       |       |       |     5 |     2 |     1 |       ||     8
Armor: Robe              |     6 |     1 |       |       |       |       |       |       ||     7
       Ring mail         |       |    28 |    26 |       |     2 |       |       |       ||    56
       Steam dragon scal |       |       |    23 |    83 |   185 |   249 |    97 |    29 ||   666
       Skin              |       |       |       |       |       |       |       |     1 ||     1
Dodge: Dodged            |    44 |    29 |    88 |   296 |   834 |  1008 |   542 |   164 ||  3005
Block: Buckler           |       |       |    18 |   166 |   460 |   597 |   339 |   121 ||  1701

Table legend: (Time is in decaauts)
 A = Elapsed time spent in this place.
 B = Non-inter-level travel time spent in this place.
 C = Inter-level travel time spent in this place.
 D = Time resting spent in this place.
 E = Time spent auto-exploring this place.
 F = Levels seen in this place.
 G = Mean time per level.
                   A        B        C        D        E       F      G
               +--------+--------+--------+--------+--------+-----+--------+
         Total |  76486 |  71466 |   5020 |   3484 |  53530 |  45 | 1699.7 |
       Dungeon |  18990 |  17406 |   1584 |    571 |  13372 |  15 | 1266.0 |
        Temple |    203 |    168 |     35 |      0 |    149 |   1 |  203.0 |
          Lair |  12789 |  11510 |   1279 |    224 |   9542 |   6 | 2131.5 |
        Shoals |  10080 |   9477 |    603 |    249 |   7516 |   4 | 2520.0 |
   Spider Nest |   8862 |   8517 |    345 |    231 |   6365 |   4 | 2215.5 |
  Orcish Mines |   2306 |   2011 |    295 |    432 |   1103 |   2 | 1153.0 |
   Elven Halls |   7978 |   7651 |    327 |    699 |   5796 |   3 | 2659.3 |
        Vaults |  11469 |  10921 |    548 |    818 |   7881 |   5 | 2293.8 |
        Bazaar |    363 |    363 |      0 |      0 |    256 |   2 |  181.5 |
        Bailey |    369 |    369 |      0 |     45 |    200 |   1 |  369.0 |
      Ice Cave |   1698 |   1698 |      0 |    139 |    736 |   1 | 1698.0 |
        Wizlab |   1373 |   1373 |      0 |     75 |    611 |   1 | 1373.0 |
               +--------+--------+--------+--------+--------+-----+--------+

Top non-repeatable levels by time:
Shoals:4: 3314 daAuts
   Elf:3: 3110 daAuts
Vaults:4: 2991 daAuts
Vaults:3: 2951 daAuts
Spider:4: 2921 daAuts
Vaults:2: 2828 daAuts
Vaults:1: 2665 daAuts
   Elf:2: 2607 daAuts
  Lair:6: 2523 daAuts
  Lair:3: 2522 daAuts
Spider:2: 2446 daAuts
    D:11: 2415 daAuts
  Lair:5: 2396 daAuts
Shoals:2: 2331 daAuts
Shoals:1: 2310 daAuts
